 Dungeon Crawl Stone Soup version 0.26-a0-737-g4e9f4955e2 (webtiles) character file.

Game seed: 6184669192057529182

58 jiml777 the Gusty (level 3, -4/19 HPs)
             Began as a Deep Elf Air Elementalist on Nov 4, 2020.
             Slain by an ice beast (7 damage)
             ... on level 3 of the Dungeon.
             The game lasted 00:09:21 (1492 turns).

jiml777 the Gusty (Deep Elf Air Elementalist)       Turns: 1492, Time: 00:09:23

Health: -4/19      AC:  2    Str:  5    XL:     3   Next: 75%
Magic:  0/9        EV: 13    Int: 20    God:
Gold:   88         SH:  0    Dex: 15    Spells: 7/8 levels left

rFire    . . .     SeeInvis .   b - +0 dagger
rCold    + . .     Faith    .   (no shield)
rNeg     . . .     Spirit   +   a - +0 robe
rPois    .         Reflect  .   (no helmet)
rElec    .         Harm     .   (no cloak)
rCorr    .         Rampage  .   (no gloves)
MR       .....                  (no boots)
Stlth    ++........             d - amulet of guardian spirit
HPRegen  0.06/turn              k - ring of protection from cold
MPRegen  0.11/turn              (no ring)

@: very slightly contaminated
A: no striking features
a: no special abilities


You were on level 3 of the Dungeon.
You visited 1 branch of the dungeon, and saw 3 of its levels.

You collected 88 gold pieces.

Inventory:

Hand Weapons
 b - a +0 dagger (weapon)
Missiles
 h - 15 arrows
Armour
 a - a +0 robe (worn)
Jewellery
 d - an amulet of guardian spirit (around neck)
 k - a ring of protection from cold (left hand)
Scrolls
 e - a scroll of enchant armour {unknown}
 f - 2 scrolls of remove curse {unknown}
 i - a scroll of random uselessness {unknown}
 j - 3 scrolls of identify {unknown}
Potions
 c - 2 potions of degeneration {unknown}
 g - 2 potions of cancellation {unknown}


   Skills:
 + Level 2.5 Dodging
 + Level 3.2 Stealth
 + Level 3.3 Spellcasting
 + Level 1.6 Conjurations
 + Level 4.1 Air Magic


You had 7 spell levels left.
You knew the following spells:

 Your Spells              Type           Power        Failure   Level
a - Shock                 Conj/Air       ##..         4%          1

Your spell library contained the following spells:

 Spells                   Type           Power        Failure   Level
 Swiftness                Air            ###.....     3%          2
 Static Discharge         Conj/Air       ##......     13%         3
 Airstrike                Air            ###.......   26%         4
 Lightning Bolt           Conj/Air       ##........   75%         5


Dungeon Overview and Level Annotations

Branches:
Dungeon (3/15)

Altars:


Message History

The ice beast hits you. The ice beast freezes you. You resist.
Casting: Shock (safe; 4% risk of failure)
Confirm with . or Enter, or press ? or * to list all spells.
Aiming: Shock (safe; 4% risk of failure)
Press: ? - help, Shift-Dir - straight line The zap hits the ice beast.
The ice beast is moderately wounded.
The zap misses the ice beast.
The ice beast hits you. The ice beast freezes you. You resist.
* * * LOW HITPOINT WARNING * * *
Casting: Shock (safe; 4% risk of failure)
Confirm with . or Enter, or press ? or * to list all spells.
Aiming: Shock (safe; 4% risk of failure)
Press: ? - help, Shift-Dir - straight line You miscast Shock.
You are very lightly contaminated with residual magic.
Nothing appears to happen.
The ice beast hits you.
* * * LOW HITPOINT WARNING * * *
The ice beast freezes you! You resist.
You die...

#.. + #.# #. #.#
+##( #.# ...)#.#
####$.#.####.#.
.............Y.
########Y# #
.......@.####...
......#.........
.......<........
....#.#########.
....<. .####


You could see an ice beast.

Vanquished Creatures
  2 adders (D:2)
  An ooze (D:2)
  4 worms
  A leopard gecko (D:1)
  A giant cockroach (D:2)
  6 goblins
  2 hobgoblins
  3 bats
  2 frilled lizards (D:1)
  2 kobolds (D:1)
  3 rats
27 creatures vanquished.

Notes
Turn   | Place    | Note
-------+----------+-------------------------------------------
     0 | D:1      | jiml777 the Deep Elf Air Elementalist began the quest for
                  | the Orb.
     0 | D:1      | Reached XP level 1. HP: 10/10 MP: 6/6
   374 | D:1      | Reached XP level 2. HP: 15/15 MP: 5/8
   808 | D:2      | Reached XP level 3. HP: 19/19 MP: 4/9
   929 | D:2      | Reached skill level 4 in Air Magic
  1424 | D:3      | Noticed an ice beast
  1492 | D:3      | Slain by an ice beast

Illustrated notes

Levels and vault maps discovered:
D:1:      dpeg_arrival_simpleton_a, layout_basic,
          hangedman_abyss_or_decor_lesser_grid
D:2:      layout_basic
D:3:      layout_basic, lemuel_doored_altar, uniq_robin

Skill      XL: |  1  2  3 |
---------------+----------+-----
Stealth        | 3 |  3.2
Air Magic      | 4 |  4.1
Dodging        | |  2.5
Spellcasting   | |  3.3
Conjurations   | |  1.6

Action                   || total
-------------------------++-------
Melee: Club              ||     5
 Cast: Shock             ||    65
Armor: Robe              ||     4
Dodge: Dodged            ||    20

Table legend: (Time is in decaauts)
 A = Elapsed time spent in this place.
 B = Non-inter-level travel time spent in this place.
 C = Inter-level travel time spent in this place.
 D = Time resting spent in this place.
 E = Time spent auto-exploring this place.
 F = Levels seen in this place.
 G = Mean time per level.
                   A        B        C        D        E       F      G
               +--------+--------+--------+--------+--------+-----+--------+
         Total |   1491 |   1462 |     29 |    402 |    792 |   3 |  497.0 |
       Dungeon |   1491 |   1462 |     29 |    402 |    792 |   3 |  497.0 |
               +--------+--------+--------+--------+--------+-----+--------+

Top non-repeatable levels by time:
     D:2: 812 daAuts
     D:1: 607 daAuts
     D:3: 71 daAuts
